 Dungeon Crawl Stone Soup version bcrawl-1.21.3 (webtiles) character file.

Game seed: 10324266544049204187

10457 funkygono the Thaumaturge (level 11, -4/64 HPs)
             Began as a Fairy Conjurer on Apr 6, 2020.
             Was an Elder of Vehumet.
             Slain by a seven-headed hydra (18 damage)
             ... on level 10 of the Dungeon.
             The game lasted 00:26:57 (8492 turns).

funkygono the Thaumaturge (Fairy Conjurer)          Turns: 8492, Time: 00:26:58

Health: -4/64      AC: 13    Str:  6    XL:     11   Next: 62%
Magic:  26/30      EV: 20    Int: 26    God:    Vehumet [****..]
Gold:   727        SH:  6    Dex: 13    Spells: 21/36 levels left

rFire    . . .     SeeInvis +   m - +5 dagger (elec)
rCold    . . .     Gourm    .   (shield restricted)
rNeg     . . .     Faith    .   (armour unavailable)
rPois    .         Spirit   .   s - +2 hat
rElec    .         Reflect  .   K - +1 cloak
rCorr    .         Harm     .   G - +0 pair of gloves
MR       +....                  u - +1 pair of boots
Stlth    +.........             k - amulet of magic regeneration
HPRegen  0.20/turn              I - ring of see invisible
MPRegen  0.47/turn              q - +4 ring of intelligence

@: flying evasively
A: small, magic attunement, unstealthy, unfitting armour, able to fly, AC/SH +6
a: Stop Flying, Renounce Religion


You were on level 10 of the Dungeon.
You worshipped Vehumet.
Vehumet was greatly pleased with you.
You were not hungry.

You visited 2 branches of the dungeon, and saw 11 of its levels.

You collected 727 gold pieces.

Inventory:

Hand Weapons
 m - a +5 dagger of electrocution (weapon)
 F - a +1 dagger of flaming
 J - a +3 quarterstaff of chaos
Missiles
 h - 2277 stones (quivered)
 x - 4 throwing nets {!f}
Armour
 s - a +2 hat (worn)
 u - a +1 pair of boots (worn)
 D - a +0 buckler
 G - a +0 pair of gloves (worn)
 K - a +1 cloak (worn)
Magical Staves
 y - an uncursed staff of poison
Jewellery
 k - an amulet of magic regeneration (around neck)
 l - an uncursed ring of positive energy
 q - a +4 ring of intelligence (right hand)
 A - an uncursed ring of insulation
 B - an uncursed ring of poison resistance
 I - a ring of see invisible (left hand)
 L - a +3 ring of intelligence
Wands
 g - a wand of digging (5)
 i - a wand of acid (8)
 t - a wand of paralysis (8)
 v - a wand of polymorph (10)
 H - a wand of disintegration (8)
Scrolls
 c - 2 scrolls of amnesia
 d - 8 scrolls of teleportation
 f - 6 scrolls of remove curse
 n - 2 scrolls of fog
 p - 7 scrolls of identify
 z - 3 scrolls of blinking
 E - a scroll of fear
 N - a scroll of magic mapping
Potions
 a - 2 potions of flight
 b - a potion of magic
 j - a potion of agility
 o - 2 potions of berserk rage
 r - a potion of haste
 w - 5 potions of curing
 C - a potion of brilliance
Miscellaneous
 O - a lamp of fire
 P - a lightning rod (4/4)
Comestibles
 e - 23 rations {!d}
 M - 6 chunks of flesh


   Skills:
 + Level 1.8 Fighting
 + Level 7.0 Dodging
 + Level 3.5 Stealth
 + Level 2.9 Shields
 + Level 13.2 Spellcasting
 + Level 12.2 Conjurations
 * Level 3.6 Fire Magic
 + Level 5.3 Air Magic
 + Level 5.3 Earth Magic


You had 21 spell levels left.
You knew the following spells:

 Your Spells              Type           Power        Failure   Level  Hunger
a - Magic Dart            Conj           ####         0%          1    None
b - Searing Ray           Conj           ######..     1%          2    None
c - Iskenderun's Mystic   Conj           ######..     1%          3    None
d - Sandblast             Erth           #####.       1%          1    None
e - Shock                 Conj/Air       #####        1%          1    None
f - Stone Arrow           Conj/Erth      ######       1%          3    None
g - Sticky Flame          Conj/Fire      ######..     1%          4    None

Your spell library contained the following spells:

 Spells                   Type           Power        Failure   Level  Hunger
 Inner Flame              Hex/Fire       N/A          1%          3    None
 Fulminant Prism          Conj/Hex       #####.....   1%          4    None
 Irradiate                Conj/Tmut      #####.....   2%          5    None
 Corona                   Hex            ###....      3%          1    None
 Shackle                  Hex            ###.....     4%          2    None
 Yara's Violent Unravell  Hex/Tmut       ###.......   9%          4    None
 False Image              Hex/Summ       ###.....     10%         3    None
 Cause Fear               Hex            ###.......   32%         4    None


Dungeon Overview and Level Annotations

Branches:
Dungeon (10/12)            Temple (1/1) D:4            Lair (0/6) D:8
    Orc: D:8-11

Altars:
Ashenzari
Cheibriados
Dithmenos
Elyvilon
Fedhas
Gozag
Hepliaklqana
Kikubaaqudgha
Lugonu
Makhleb
Nemelex Xobeh
Okawaru
Qazlal
Ru
Sif Muna
Trog
Uskayaw
Vehumet
Wu Jian
Xom
Yredelemnul
Zin
The Shining One

Shops:
D:5 *   D:7 ?   D:8 :***


Innate Abilities, Weirdness & Mutations

Your spells do not cause hunger and MP costs are reduced by 1.
Your bright wings attract enemies. (Stealth-)
You cannot fit into any form of body armour.
Your shimmering scales are hard and can block incoming attacks. (AC +6, SH +6)
You are small and have problems with some larger weapons.
You can fly continuously.


Message History

The seven-headed hydra bites you!
Some of the chunks of flesh in your inventory have rotted away.
The searing ray hits the seven-headed hydra!
The seven-headed hydra is severely wounded.
The seven-headed hydra completely misses you.
The seven-headed hydra bites you but does no damage.
You block the seven-headed hydra's attack.
The seven-headed hydra bites you!
* * * LOW HITPOINT WARNING * * *
You block the seven-headed hydra's attack.
The seven-headed hydra bites you!
* * * LOW HITPOINT WARNING * * *
The seven-headed hydra bites you.
* * * LOW HITPOINT WARNING * * *
There is a stone staircase leading up here.
You feel better.
The seven-headed hydra closely misses you.
The seven-headed hydra barely misses you.
The seven-headed hydra bites you!!
You die...

############
.....(.....
######.........
#....##'##
#........#
#........#
#........#
#@D......#
#........#
#.>......#
#..####### #..#
####


You could see a seven-headed hydra.

Vanquished Creatures
  2 two-headed ogres (D:9)
  A skeletal warrior (D:8)
  A mana viper (shapeshifter) (D:7)
  A deep elf mage (D:9)
  The ghost of dscm the Cutter, a novice KoFi of Okawaru (D:6)
  An elephant (D:8)
  Prince Ribbit (D:7)
  2 trolls
  2 hippogriffs
  Grinder (D:6)
  A vampire (D:9)
  A wyvern (D:9)
  4 yaks
  A steam dragon (D:7)
  A vampire mosquito (D:7)
  A hungry ghost (D:8)
  A basilisk (D:8)
  Menkaure (D:4)
  A soldier ant (D:8)
  A crocodile (D:8)
  Duvessa (D:6)
  An ice beast (D:9)
  2 black bears
  2 orc warriors
  A phantom (D:6)
  5 ogres
  4 centaurs
  2 bullfrogs
  Dowan (D:6)
  A scorpion (D:7)
  10 killer bees
  6 wights
  3 howler monkeys (D:8)
  8 crimson imps
  A bullfrog zombie (D:7)
  A centaur zombie (D:5)
  A bullfrog skeleton (D:7)
  5 hounds
  3 jellies
  Crazy Yiuf (D:6)
  7 orc priests
  Ijyb (D:4)
  11 orc wizards
  2 iguanas
  8 worker ants
  A hound zombie (D:6)
  A hound skeleton (D:8)
  4 gnolls (D:6)
  12 adders
  A shadow imp (D:6)
  3 oozes
  2 worms
  7 dart slugs
  11 leopard geckos
  41 orcs
  9 bats
  A giant cockroach (D:5)
  7 goblins
  10 hobgoblins
  17 jackals
  A quokka (D:3)
  4 frilled lizards
  8 kobolds
  A leopard gecko skeleton (D:4)
  3 rats
258 creatures vanquished.

Notes
Turn   | Place    | Note
-------+----------+-------------------------------------------
     0 | D:1      | funkygono the Fairy Conjurer began the quest for the Orb.
     0 | D:1      | Reached XP level 1. HP: 11/11 MP: 6/6
    44 | D:1      | Reached skill level 5 in Conjurations
   162 | D:1      | Reached XP level 2. HP: 17/17 MP: 7/7
   166 | D:1      | Learned a level 2 spell: Searing Ray
   453 | D:1      | Reached XP level 3. HP: 21/21 MP: 9/9
   458 | D:1      | Learned a level 3 spell: Iskenderun's Mystic Blast
   721 | D:1      | Reached skill level 3 in Spellcasting
  1077 | D:2      | Reached XP level 4. HP: 25/27 MP: 7/10
  1538 | D:2      | Reached XP level 5. HP: 29/31 MP: 9/12
  1715 | D:3      | Reached skill level 4 in Spellcasting
  1799 | D:3      | Reached XP level 6. HP: 7/36 MP: 8/14
  2529 | D:4      | Reached skill level 5 in Spellcasting
  2708 | D:4      | Reached XP level 7. HP: 41/41 MP: 12/17
  2791 | D:4      | Reached skill level 6 in Spellcasting
  3077 | D:4      | Noticed Ijyb
  3084 | D:4      | Killed Ijyb
  3132 | D:4      | Noticed Menkaure
  3138 | D:4      | Killed Menkaure
  3138 | D:4      | Reached skill level 7 in Spellcasting
  3176 | D:4      | Found a staircase to the Ecumenical Temple.
  3185 | Temple   | Entered the Ecumenical Temple
  3237 | Temple   | Became a worshipper of Vehumet
  3777 | D:4      | Reached XP level 8. HP: 46/46 MP: 17/21
  3966 | D:4      | Found a shimmering altar of Xom.
  3966 | D:4      | Found a white marble altar of Elyvilon.
  3997 | D:5      | Entered Level 5 of the Dungeon
  4108 | D:5      | Reached skill level 8 in Spellcasting
  4338 | D:5      | Reached * piety under Vehumet
  4338 | D:5      | Offered knowledge of Sandblast by Vehumet.
  4341 | D:5      | Learned a level 1 spell: Sandblast
  4355 | D:5      | Reached skill level 1 in Earth Magic
  4928 | D:5      | Reached skill level 9 in Spellcasting
  5028 | D:5      | Found Nylueq's Assorted Antiques.
  5125 | D:6      | Noticed a hippogriff
  5127 | D:6      | Reached XP level 9. HP: 35/51 MP: 10/24
  5344 | D:6      | Noticed Grinder
  5363 | D:6      | Killed Grinder
  5372 | D:6      | Reached skill level 5 in Dodging
  5372 | D:6      | Reached skill level 1 in Shields
  5515 | D:6      | Found a stormy altar of Qazlal.
  5518 | D:6      | Found a runed translucent door.
  5518 | D:6      | Noticed dscm's ghost (novice KoFi)
  5532 | D:6      | Killed dscm's ghost
  5532 | D:6      | Reached skill level 10 in Spellcasting
  5862 | D:6      | Found a basalt altar of Yredelemnul.
  5862 | D:6      | Found a faded altar of an unknown god.
  5871 | D:6      | Noticed Duvessa
  5878 | D:6      | Killed Duvessa
  5883 | D:6      | Noticed Dowan
  5891 | D:6      | Killed Dowan
  5891 | D:6      | Reached skill level 10 in Conjurations
  5917 | D:6      | Found a glowing silver altar of Zin.
  5919 | D:6      | Found a faded altar of an unknown god.
  5920 | D:6      | Found a blossoming altar of Fedhas.
  6063 | D:6      | Reached ** piety under Vehumet
  6063 | D:6      | Reached skill level 1 in Fighting
  6080 | D:6      | Found a runed door.
  6084 | D:6      | Noticed Crazy Yiuf
  6087 | D:6      | Killed Crazy Yiuf
  6208 | D:7      | Found Pehen's Magic Scroll Emporium.
  6222 | D:7      | Offered knowledge of Shock by Vehumet.
  6226 | D:7      | Reached skill level 5 in Earth Magic
  6233 | D:7      | Learned a level 1 spell: Shock
  6239 | D:7      | Reached XP level 10. HP: 58/58 MP: 24/26
  6249 | D:7      | Noticed Prince Ribbit
  6250 | D:7      | Reached skill level 1 in Air Magic
  6265 | D:7      | Reached skill level 11 in Spellcasting
  6270 | D:7      | Killed Prince Ribbit
  6361 | D:7      | Noticed a mana viper
  6365 | D:7      | Killed a mana viper
  6668 | D:7      | Found a shattered altar of Ashenzari.
  6915 | D:8      | Offered knowledge of Stone Arrow by Vehumet.
  6923 | D:8      | Learned a level 3 spell: Stone Arrow
  6930 | D:8      | Reached *** piety under Vehumet
  6956 | D:8      | Found Ymerreull's Assorted Antiques.
  6963 | D:8      | Noticed an elephant
  6968 | D:8      | Noticed a skeletal warrior
  6984 | D:8      | Killed an elephant
  6984 | D:8      | Reached skill level 12 in Spellcasting
  7044 | D:8      | Killed a skeletal warrior
  7044 | D:8      | Reached skill level 5 in Air Magic
  7044 | D:8      | Reached XP level 11. HP: 10/63 MP: 10/29
  7317 | D:8      | Found Janyap's Book Boutique.
  7352 | D:8      | Offered knowledge of Sticky Flame by Vehumet.
  7358 | D:8      | Learned a level 4 spell: Sticky Flame
  7367 | D:8      | Found Gucioh's General Store.
  7403 | D:8      | Found a staircase to the Lair.
  7477 | D:8      | Found Gewiedo's General Store.
  7947 | D:9      | Noticed a two-headed ogre
  7952 | D:9      | Killed a two-headed ogre
  7952 | D:9      | Reached skill level 1 in Fire Magic
  8047 | D:9      | Noticed a two-headed ogre
  8048 | D:9      | Noticed a deep elf mage
  8052 | D:9      | Killed a two-headed ogre
  8069 | D:9      | Killed a deep elf mage
  8224 | D:9      | Reached skill level 13 in Spellcasting
  8263 | D:9      | Reached **** piety under Vehumet
  8470 | D:10     | Entered Level 10 of the Dungeon
  8477 | D:10     | Noticed a seven-headed hydra
  8492 | D:10     | Slain by a seven-headed hydra

Skill      XL: |  1  2  3  4  5  6  7  8  9 10 11 |
---------------+----------------------------------+-----
Conjurations   | 5 6 7 8 9 10 11 12 | 12.2
Dodging        | 3 4 5 6 7 |  7.0
Spellcasting   | 3 4 5 7 9 10 12 13 | 13.2
Stealth        | 2 3 |  3.5
Earth Magic    | 2 5 |  5.3
Shields        | 1 2 |  2.9
Fighting       | 1 |  1.8
Air Magic      | 5 |  5.3
Fire Magic     | 3 |  3.6

Action                   |  1- 3 |  4- 6 |  7- 9 | 10-12 || total
-------------------------+-------+-------+-------+-------++-------
Melee: Dagger            |       |     1 |       |       ||     1
 Cast: Magic Dart        |    48 |    71 |    91 |    70 ||   280
       Searing Ray       |     3 |    14 |    36 |    29 ||    82
       Iskenderun's Myst |       |     9 |    24 |    20 ||    53
       Sandblast         |       |       |     5 |     3 ||     8
       Shock             |       |       |     1 |    33 ||    34
       Stone Arrow       |       |       |       |    10 ||    10
       Sticky Flame      |       |       |       |     2 ||     2
  Use: Scroll            |     5 |     5 |     9 |     3 ||    22
       Potion            |       |       |       |     2 ||     2
  Eat: Chunk             |       |     5 |    11 |     3 ||    19
       Ration            |       |       |       |     1 ||     1
Armor: Skin              |     3 |     2 |    16 |    17 ||    38
Dodge: Dodged            |     7 |    16 |    62 |    68 ||   153
Block: Other             |     3 |     6 |    15 |    28 ||    52
